 Dungeon Crawl Stone Soup version 0.20-a0-433-g9e36e56 (webtiles) character file.

53 mopl the Chopper (level 3, -1/43 HPs)
             Began as a Hill Orc Wanderer on Jan 3, 2017.
             Succumbed to an orange demon's poison
             ... on level 1 of the Dungeon.
             The game lasted 00:03:24 (1702 turns).

mopl the Chopper (Hill Orc Wanderer)                Turns: 1702, Time: 00:03:25

Health: -1/43      AC: 13    Str: 19    XL:     3   Next: 89%
Magic:  4/4        EV: 12    Int: 12    God:
Gold:   80         SH:  0    Dex: 16    Spells: 4/4 levels left

rFire  + . .     SeeInvis .     a - +0 hand axe
rCold  . . .     Gourm    .     B - +4 chain mail
rNeg   . . .     Faith    .     (no shield)
rPois  .         Spirit   .     (no helmet)
rElec  .         Reflect  .     (no cloak)
rCorr  .         Harm     .     h - +0 pair of gloves
MR     .....                    (no boots)
Stlth  ..........               (no amulet)
                                (no ring)
                                m - ring of protection from fire

@: agile, berserking, lethally poisoned (-1 -> -24), very quick
A: no striking features
a: no special abilities


You were on level 1 of the Dungeon.
You were not hungry.

You visited 1 branch of the dungeon, and saw 2 of its levels.

You collected 80 gold pieces.

Inventory:

Hand Weapons
 a - a +0 hand axe (weapon)
 b - a +0 blowgun
Missiles
 c - 29 poisoned needles
 i - 4 tomahawks
 u - 4 poisoned javelins (quivered)
Armour
 h - a +0 pair of gloves (worn)
 B - a +4 chain mail (worn)
Jewellery
 m - a ring of protection from fire (left hand)
 n - an uncursed ring of fire
Scrolls
 l - a scroll of blinking {unknown}
 q - a scroll of noise {unknown}
 v - a scroll of identify {unknown}
 y - a scroll of magic mapping {unknown}
 A - a scroll of recharging {unknown}
Books
 d - a book of Maledictions

   Spells                             Type                      Level
   a - Corona                         Hexes                        1
   b - Ensorcelled Hibernation        Hexes/Ice                    2
   c - Confuse                        Hexes                        3
   d - Tukima's Dance                 Hexes                        3
   e - Dazzling Spray                 Conjuration/Hexes            3
Comestibles
 f - a bread ration
 o - 2 fruits
 r - 2 meat rations
 t - a slice of pizza
 w - a beef jerky


   Skills:
 + Level 2.3 Fighting
 * Level 3.6 Axes
 - Level 1.0 Throwing
 + Level 2.0 Armour
   Level 1.1 Shields
 - Level 1.0 Spellcasting
   Level 3.0 Hexes
   Level 1.0 Air Magic


You had 4 spell levels left.
You didn't know any spells.

Dungeon Overview and Level Annotations

Branches:
Dungeon (2/15)

Altars:
Makhleb


Message History

The orange demon is severely wounded.
* * * LOW HITPOINT WARNING * * *
You feel sick.
The orange demon stings you but does no damage.
The orange demon hits you but does no damage.
You hit the orange demon.
The orange demon is almost dead.
* * * LOW HITPOINT WARNING * * *
You feel sick. The orange demon stings you.
* * * LOW HITPOINT WARNING * * *
The orange demon hits you.
* * * LOW HITPOINT WARNING * * *
You hit the orange demon.
The orange demon is almost dead.
* * * LOW HITPOINT WARNING * * *
You feel sick.
You slash the orange demon!
You kill the orange demon!
That felt strangely unrewarding.
You die...

.# #......# ######## .#
#......###### #......# .#
#......'....# #.###### .#
#..)...####.# #.# .#
######## #.# #.# .# #.#
#.# .## #.# #.#
..############.#########.#
..'.............@........#
..######.......###########
..# #.......### ..#
#.........#
..########.......# ......#
#.......# ......#
#.......# (.....#
#.......# #######
#####'###


There were no monsters in sight!

Vanquished Creatures
  An orange demon (D:1)
  An adder (D:2)
  A worm (D:2)
  2 leopard geckos (D:1)
  2 giant cockroaches (D:1)
  2 goblins (D:1)
  4 hobgoblins
  4 jackals (D:2)
  9 kobolds (D:1)
  A quokka (D:2)
  4 bats
  2 frilled lizards
  7 rats
40 creatures vanquished.

Notes
Turn   | Place    | Note
-------+----------+-------------------------------------------
     0 | D:1      | mopl the Hill Orc Wanderer began the quest for the Orb.
     0 | D:1      | mopl set off with: a book of Maledictions, a +0 hand axe, 11 poisoned needles, a +0 blowgun, a +0 robe, a bread ration
     0 | D:1      | Reached XP level 1. HP: 16/16 MP: 2/2
   314 | D:1      | Reached skill level 2 in Axes
   494 | D:1      | Reached XP level 2. HP: 21/23 MP: 3/3
   791 | D:1      | Reached skill level 3 in Axes
   912 | D:1      | Reached XP level 3. HP: 29/29 MP: 4/4
  1095 | D:2      | Reached skill level 2 in Fighting
  1102 | D:2      | Reached skill level 2 in Armour
  1523 | D:2      | Found a faded altar of an unknown god.
  1532 | D:2      | Became a worshipper of Makhleb the Destroyer
  1532 | D:2      | Reached * piety under Makhleb
  1533 | D:2      | Fell from the grace of Makhleb
  1591 | D:2      | Noticed an orange demon
  1700 | D:1      | HP: 2/43 [orange demon[the fury of Makhleb] (4)]
  1702 | D:1      | Killed an orange demon
  1702 | D:1      | Succumbed to an orange demon's poison

Vault maps used:
D:1:      denvon_arrival_planthouse
D:2:      cheibriados_altar_1, xom_redecorated,
          chequers_ecumenical_altar_simple, first_bread, minmay_tetromino_t4

Skill      XL: |  1  2  3 |
---------------+----------+-----
Axes           | 2 3 |  3.6
Fighting       | 2 |  2.3
Armour         | 2 |  2.0
Throwing       | |  1.0
Shields        | |  1.1
Spellcasting   | |  1.0
Hexes          | |  3.0
Air Magic      | |  1.0

Action                   || total
-------------------------++-------
Melee: Hand axe          ||   173
 Fire: Blowgun           ||     7
Invok: Renounce Religion ||     1
  Use: Potion            ||     3
  Eat: Chunk             ||     3
Armor: Robe              ||    17
       Leather armour    ||    15
       Ring mail         ||    57
       Chain mail        ||    17
Dodge: Dodged            ||   118
